 Dungeon Crawl Stone Soup version 0.16-a0-2296-gdce89d5 (webtiles) character file.

217 smajdalf the Ruffian (level 5, -20/40 (41) HPs)
             Began as a Ghoul Warper on Nov 17, 2014.
             Demolished by an ogre
             ... wielding a +0 giant spiked club
              (31 damage)
             ... on level 4 of the Dungeon.
             The game lasted 00:11:23 (5051 turns).

smajdalf the Ruffian (Ghoul Warper)                 Turns: 5051, Time: 00:11:24

HP:   -20/40 (41)   AC:  9    Str: 15    XL:     5   Next: 94%
MP:   6/6           EV:  9    Int:  9    God:
Gold: 90            SH:  0    Dex:  8    Spells: 1 memorised, 6 levels left

rFire  . . .     SeeInvis .       - Unarmed
rCold  + . .     Clarity  .     b - +0 ring mail
rNeg   + + +     SustAb   .     (no shield)
rPois  +         Gourm    .     (no helmet)
rElec  .         Spirit   .     (no cloak)
rCorr  .         Warding  .     (no gloves)
rMut   .         Stasis   .     (no boots)
MR     .....                    (no amulet)
Stlth  ..........               (no ring)
                                q - +4 ring of protection

@: rotting, not resistant to hostile enchantments, extremely unstealthy
A: rotting body, claws 1, carnivore 3, cold resistance 1, negative energy
resistance 3, poison resistance, slow healing 1, torment resistance, unbreathing
a: no special abilities


You were on level 4 of the Dungeon.
You were not hungry.

You visited 1 branch of the dungeon, and saw 4 of its levels.

You collected 90 gold pieces.

Inventory:

Missiles
 e - 5 tomahawks of dispersal (quivered)
Armour
 b - a +0 ring mail (worn)
Jewellery
 q - a +4 ring of protection (left claw)
Magical devices
 t - a wand of lightning (0)
 u - a wand of enslavement (15)
 z - a wand of polymorph (10)
Scrolls
 a - 3 scrolls of remove curse {unknown}
 d - 2 scrolls of blinking
 g - a scroll of fog {unknown}
 i - 8 scrolls of identify {unknown}
 j - a scroll of amnesia {unknown}
 l - 2 scrolls of fear {unknown}
 o - 2 scrolls of random uselessness {unknown}
 p - a scroll of teleportation {unknown}
 y - a scroll of recharging {unknown}
Potions
 k - 3 potions of curing {unknown}
 m - a potion of cure mutation {unknown}
 n - 2 potions of might {unknown}
 v - a potion of heal wounds {unknown}
 w - a potion of cancellation {unknown}
 x - 2 potions of lignification {unknown}
Books
 c - a book of Spatial Translocations

   Spells                             Type                      Level
   *Apportation                       Translocation                1
   Blink                              Translocation                2
   Shroud of Golubria                 Charms/Translocation         2
   Portal Projectile                  Translocation                3
   Teleport Other                     Translocation                3
   Passage of Golubria                Translocation                4
 r - a book of Conjurations

   Spells                             Type                      Level
   Magic Dart                         Conjuration                  1
   Searing Ray                        Conjuration                  2
   Dazzling Spray                     Conjuration/Hexes            3
   Fulminant Prism                    Conjuration/Hexes            4
   Iskenderun's Mystic Blast          Conjuration                  4
   Iskenderun's Battlesphere          Conjuration/Charms           5
Comestibles
 f - 3 beef jerkies
 h - 2 meat rations
 s - 2 chunks of flesh


   Skills:
 - Level 2.1 Fighting
 - Level 0.8 Throwing
 - Level 0.8 Armour
 - Level 1.7 Dodging
 + Level 6.5 Unarmed Combat
 - Level 1.7 Spellcasting
 - Level 2.6 Translocations


You had 6 spell levels left.
You knew the following spells:

 Your Spells              Type           Power        Failure   Level  Hunger
a - Apportation           Tloc           #.........   14%         1    ##.....


Dungeon Overview and Level Annotations

Branches:
Dungeon (4/15)
 Temple: D:4-7

Altars:


Innate Abilities, Weirdness & Mutations

Your body is rotting away.
You thrive on raw meat.
You have sharp fingernails.
You are carnivorous and can eat meat at any time.
Your flesh is cold resistant.
You are immune to negative energy.
Your system is resistant to poisons.
You heal slowly when monsters are visible.
You are immune to unholy pain and torment.
You can survive without breathing.


Message History

Found 20 poisoned needles.
You see here a stone.
Evoke which item? (* to show all) (? for menu, Esc to quit)
Zapping:
t - a wand of lightning (will waste charges)
Press: ? - help, Shift-Dir - straight line, f - ogre
Aim: an ogre, wielding a giant spiked club (moderately wounded) That beam is likely to hit you.
Continue anyway?
Okay, then.
Unknown command.
Evoke which item? (* to show all) (? for menu, Esc to quit)
Zapping:
t - a wand of lightning (will waste charges)
Press: ? - help, Shift-Dir - straight line, f/p - ogre
Aim: an ogre, wielding a giant spiked club (moderately wounded)
You hear a mighty clap of thunder!
The bolt of lightning hits the ogre.
The ogre is heavily wounded.
Evoking this partially-identified wand wasted a few charges.
The ogre hits you with a giant spiked club!!
Ouch! That really hurt!
You die...

# #(## #(..###....## #.
#(.####....#......###
#..###...................##
#...(..#######.##.......>
###.(### #.#....###.#
###(## #.#........#
#....#### ##.....##..##
#..##)...####............
...## #...@O...##..........
#.. ##..##..####........#
#. #..##.## #.####...#
#.....# ### ###.# #.###.#
##. ### ### #. ##


You could see an ogre.

Vanquished Creatures
  A water moccasin skeleton (D:4)
  A giant frog skeleton (D:4)
  3 adders (D:3)
  A shadow imp (D:3)
  3 worms (D:2)
  4 giant geckos
  2 oozes (D:3)
  A ball python (D:3)
  7 bats
  6 giant cockroaches
  14 goblins
  11 hobgoblins
  5 jackals
  11 kobolds
  A quokka (D:3)
  A giant cockroach zombie (D:3)
  4 giant newts
  8 rats
84 creatures vanquished.

Notes
Turn   | Place    | Note
--------------------------------------------------------------
     0 | D:1      | smajdalf, the Ghoul Warper, began the quest for the Orb.
     0 | D:1      | Reached XP level 1. HP: 17/17 MP: 2/2
   291 | D:1      | Reached XP level 2. HP: 18/24 MP: 3/3
   292 | D:1      | Reached skill level 3 in Unarmed Combat
   624 | D:1      | Reached XP level 3. HP: 29/29 MP: 5/5
  1535 | D:2      | Reached skill level 4 in Unarmed Combat
  2005 | D:2      | Reached XP level 4. HP: 36/36 MP: 5/5
  3088 | D:3      | Reached skill level 5 in Unarmed Combat
  3789 | D:3      | Reached XP level 5. HP: 36/41 MP: 6/6
  4889 | D:4      | Reached skill level 6 in Unarmed Combat
  4974 | D:4      | Noticed an ogre
  5051 | D:4      | Demolished by an ogre

Action                   |  1- 3 |  4- 6 || total
-------------------------+-------+-------++-------
Melee: Unarmed           |   156 |   176 ||   332
Evoke: Wand              |       |     1 ||     1
  Eat: Chunk             |    28 |    21 ||    49
